 Dungeon Sprint DCSS version 0.31-a0-626-g8143ab4f1d (webtiles) character file.

Game seed: 7088410213821518323

8953 rocky1 the Fencer (level 11, -3/92 HPs)
             Began as a Djinni Gladiator on Aug 25, 2023.
             Was an Initiate of Gozag.
             Slain by Edmund
             ... wielding a +1 great mace of freezing
              (4 damage)
             ... in the Dungeon (Sprint III: "The Ten Rune Challenge").
             The game lasted 00:14:09 (5158 turns).

rocky1 the Fencer (Djinni Gladiator)                Turns: 5158, Time: 00:14:11

Health: -3/92      AC:  5    Str: 16    XL:     11   Next: 65%
Gold:   1488       EV: 18    Int:  9    God:    Gozag SH:  0 Dex: 20

rFire   + + .        f - +4 great sword "Puvu" {freeze, Drain rCorr Str+3}
rCold   x . .        (shield currently unavailable)
rNeg    . . .        b - +0 leather armour
rPois   ∞            c - +0 helmet
rElec   .            (no cloak)
rCorr   +            (no gloves)
SInv    .            (boots unavailable)
Will    +....        (no amulet)
Stlth   +            (no ring)
HPRegen 0.35/turn    (no ring)
MPRegen 0.00/turn

%: no teleportation, infuse magic (-4 HP)
@: flying
A: sickness immunity, fire resistance 2, cold vulnerability 1, float, innate
caster, HP casting, extra vitality 1
a: Renounce Religion, Potion Petition, Call Merchant, Bribe Branch


You were in the Dungeon.
You worshipped Gozag.
Gozag was most pleased with you.
You visited 1 branch You collected 4954 gold pieces.
You spent 1060 gold pieces at shops.
You paid 2406 gold pieces to Gozag.

Inventory:

Hand Weapons
 a - a +0 long sword
 f - the +4 great sword "Puvu" (weapon) {freeze, Drain rCorr Str+3}
   (You bought it in a shop in the Dungeon)

   Str+3:     It affects your strength (+3).
   rCorr:     It protects you from acid and corrosion.
   Drain:     It drains your maximum health when unequipped.
 g - the +4 long sword of Nexohoyp {freeze, *Noise rPois Int+4 Dex+2}
   (You bought it in a shop in the Dungeon)

   Int+4:     It affects your intelligence (+4).
   Dex+2:     It affects your dexterity (+2).
   rPois:     It protects you from poison *Noise: It may make a loud noise when
   swung.
 h - a +6 long sword of pain
 t - a +2 long sword of holy wrath
Missiles
 d - a throwing net
 e - 8 javelins
Armour
 b - a +0 leather armour (worn)
 c - a +0 helmet (worn)
Wands
 i - a wand of charming (3)
Scrolls
 k - a scroll of fear {unknown}
 l - a scroll of revelation {unknown}
 n - a scroll of immolation {unknown}
 o - a scroll of identify {unknown}
 q - a scroll of torment {unknown}
 r - a scroll of amnesia {unknown}
Potions
 m - 5 potions of mutation
 p - 2 potions of enlightenment
 s - a potion of might {unknown}


   Skills:
 - Level 13.6 Fighting
 * Level 18.7 Long Blades
 - Level 1.5 Throwing
 - Level 8.4 Armour
 - Level 9.9 Dodging
 - Level 3.4 Spellcasting
 - Level 3.4 Conjurations
 - Level 3.4 Hexes
 - Level 3.4 Summonings
 - Level 3.4 Necromancy
 - Level 3.4 Translocations
 - Level 3.4 Transmutations
 - Level 3.4 Fire Magic
 - Level 3.4 Ice Magic
 - Level 3.4 Air Magic
 - Level 3.4 Earth Magic
 - Level 3.4 Poison Magic


You knew the following spells:

 Your Spells              Type           Power      Damage    Failure   Level
a - Magic Dart            Conj           28%        1d4       9%          1
b - Poisonous Vapours     Pois/Air       14%        N/A       13%         2
c - Gell's Gravitas       Tloc           7%         N/A       26%         3
d - Summon Guardian Gole  Hex/Summ       7%         N/A       26%         3
e - Borgnjor's Vile Clut  Necr/Erth      3%         N/A       93%         5
Your spell library was empty.

Dungeon Overview and Level Annotations

Branches:
Dungeon (1/1)

Altars:
Cheibriados
Dithmenos
Elyvilon
Fedhas
Gozag
Hepliaklqana
Makhleb
Nemelex Xobeh
Okawaru
Qazlal
Ru
Trog
Uskayaw
Wu Jian
Xom
Yredelemnul
Zin
The Shining One
Jiyva
Lugonu

Shops:
D (

Annotations:
D Edmund, Sigmund


Innate Abilities, Weirdness & Mutations

You are immune to sickness and miasma.
You are immune to poison.
Your flesh is very heat resistant. (rF++)
You are vulnerable to cold. (rC-)
You float through the air rather than walking.
You learn spells naturally, not from books.
Your magical power is your life essence.
You have superior vitality. (+4 MHP)


Message History

Something hits you. Space warps around you.
Items here: ))) [.
Okay, then. [a] - 208 gold - heal wounds and curing [b] - 308 gold - curing, might and brilliance [c] - 420 gold - haste, heal wounds and enlightenment Purchase which effect?
You feel much better.
You feel better.
Unknown command.
You hear some strange, mumbled words.
A bolt of fire appears from out of thin air!
The bolt of fire misses you. Edmund misses you.
You hear some strange, mumbled words.
A bolt of fire appears from out of thin air!
The bolt of fire hits you! You resist.
Items here: ))) [.
You closely miss something. Edmund completely misses you. Something hits you.
Space warps around you.
You slice something!! You freeze something. Edmund closely misses you.
You closely miss something.
You hear some strange, mumbled words.
A bolt of fire appears from out of thin air!
The bolt of fire hits you! You resist. Edmund misses you.
You barely miss something. Something hits you. Space warps around you.
Edmund hits you with a +1 great mace of freezing!
* * * LOW HITPOINT WARNING * * *
Edmund freezes you.
* * * LOW HITPOINT WARNING * * *
You barely miss something. You hit something. You freeze something.
Edmund completely misses you.
You hear some strange, mumbled words.
Something tries to affect you, but you resist.
You slice something!! You freeze something.
Edmund hits you with a +1 great mace of freezing!
* * * LOW HITPOINT WARNING * * *
Edmund freezes you.
You die...
Edmund says, "That'll show my brother!"
Your body crumbles into a pile of gold.

#._# #)## ...# ...# ##'#
...#+###########################
...#....#.#.#.....#.....^'...~≈#
...##.#..#.##.###.#.^..^^#...~≈##
...'##.#.#.##)#.@##...^..#...~≈≈≈
...#.).#..#..##.{@......^#...~~~~
▓▓▓▓▓▓▓▓▓▓▓▓▓▓▓▓▓#.∩...^.#.......
~~~........~~~...#....^..#.......
♣≈≈≈≈≈≈≈≈≈≈≈≈♣♣..'...^.^.#.......
♣♣♣♣♣♣♣♣♣♣♣♣♣♣♣..#.......########
♣ ♣♣♣##'###### ♣♣♣♣♣ ...+ ##..##
#...#


You could see Edmund.

Vanquished Creatures
  Erolcha (D)
  Urug (D)
  A lindwurm (D)
  A deep elf pyromancer (D)
  2 cane toads (D)
  A rime drake (D)
  A komodo dragon (D)
  3 wandering mushrooms (D)
  A queen bee (D)
  2 tyrant leeches (D)
  5 blink frogs (D)
  A shadow (D)
  5 redbacks (D)
  A spatial vortex (D)
  A swamp drake (D)
  5 two-headed ogres (D)
  A necrophage (D)
  A water elemental (D)
  32 killer bees (D)
  A jelly (D)
  A wizard (D)
  Jessica (D)
  A necromancer (D)
  A kobold demonologist (D)
  3 humans (D)
  A wolf (D)
  2 endoplasms (D)
  A rat (D)
78 creatures vanquished.

Notes
Turn   | Place    | Note
-------+----------+-------------------------------------------
     0 | D        | rocky1 the Djinni Gladiator began the quest for the Orb.
     0 | D        | Reached XP level 1. HP: 18/18 MP: 0/0
     5 | D        | Reached skill level 3 in Long Blades
    14 | D        | Noticed Jessica
    18 | D        | Killed Jessica
    19 | D        | Reached skill level 6 in Long Blades
    19 | D        | Reached XP level 2. HP: 14/23 MP: 0/0
    19 | D        | Reached XP level 3. HP: 18/28 MP: 0/0
    19 | D        | Learned a level 1 spell: Magic Dart
   339 | D        | Reached XP level 4. HP: 20/37 MP: 0/0
   576 | D        | Noticed a water elemental
   582 | D        | Killed a water elemental
   583 | D        | Reached skill level 5 in Fighting
   583 | D        | Reached skill level 7 in Long Blades
   583 | D        | Reached XP level 5. HP: 32/43 MP: 0/0
   583 | D        | Learned a level 2 spell: Poisonous Vapours
   853 | D        | Reached skill level 8 in Long Blades
   911 | D        | Noticed a shadow
   915 | D        | Killed a shadow
   916 | D        | Reached skill level 10 in Long Blades
   916 | D        | Reached XP level 6. HP: 53/53 MP: 0/0
  1091 | D        | Found a blossoming altar of Fedhas.
  1091 | D        | Found a stormy altar of Qazlal.
  1091 | D        | Found a snail-covered altar of Cheibriados.
  1091 | D        | Found a burning altar of Makhleb.
  1091 | D        | Found a shimmering altar of Xom.
  1092 | D        | Found a hazy altar of Hepliaklqana.
  1092 | D        | Found an opulent altar of Gozag.
  1092 | D        | Found a sparkling altar of Nemelex Xobeh.
  1092 | D        | Found a corrupted altar of Lugonu.
  1092 | D        | Found a viscous altar of Jiyva.
  1092 | D        | Noticed a spatial vortex
  1100 | D        | Became a worshipper of Gozag Ym Sagoz the Greedy
  1105 | D        | Killed a spatial vortex
  1106 | D        | Reached skill level 11 in Long Blades
  1106 | D        | Reached XP level 7. HP: 59/59 MP: 0/0
  1106 | D        | Learned a level 3 spell: Gell's Gravitas
  1231 | D        | Found a glowing silver altar of Zin.
  1231 | D        | Found a glowing golden altar of the Shining One.
  1231 | D        | Found a white marble altar of Elyvilon.
  1232 | D        | Noticed a deep elf pyromancer
  1243 | D        | Noticed a fire elemental
  1245 | D        | Killed a deep elf pyromancer
  1246 | D        | Reached skill level 13 in Long Blades
  1246 | D        | Reached XP level 8. HP: 10/68 MP: 0/0
  1450 | D        | Reached skill level 10 in Fighting
  1472 | D        | Found a basalt altar of Yredelemnul.
  1472 | D        | Found a shadowy altar of Dithmenos.
  1472 | D        | Found a sacrificial altar of Ru.
  1595 | D        | Found a hide-covered altar of Uskayaw.
  1595 | D        | Found an iron altar of Okawaru.
  1595 | D        | Found a bloodstained altar of Trog.
  1595 | D        | Found an ornate altar of the Wu Jian Council.
  1595 | D        | Noticed a human
  1602 | D        | Noticed a human
  1622 | D        | Killed a human
  1623 | D        | Reached skill level 1 in Armour
  1631 | D        | Killed a human
  1632 | D        | Reached skill level 1 in Spellcasting
  1632 | D        | Reached skill level 1 in Conjurations
  1632 | D        | Reached skill level 1 in Hexes
  1632 | D        | Reached skill level 1 in Summonings
  1632 | D        | Reached skill level 1 in Necromancy
  1632 | D        | Reached skill level 1 in Translocations
  1632 | D        | Reached skill level 1 in Transmutations
  1632 | D        | Reached skill level 1 in Fire Magic
  1632 | D        | Reached skill level 1 in Ice Magic
  1632 | D        | Reached skill level 1 in Air Magic
  1632 | D        | Reached skill level 1 in Earth Magic
  1632 | D        | Reached skill level 1 in Poison Magic
  1880 | D        | Reached XP level 9. HP: 13/75 MP: 0/0
  1880 | D        | Learned a level 3 spell: Summon Guardian Golem
  2331 | D        | Noticed a two-headed ogre
  2338 | D        | Killed a two-headed ogre
  2339 | D        | Reached skill level 14 in Long Blades
  2339 | D        | Reached skill level 5 in Dodging
  2346 | D        | Noticed Erolcha
  2347 | D        | Noticed a two-headed ogre
  2359 | D        | Killed Erolcha
  2360 | D        | Killed a two-headed ogre
  2361 | D        | Reached skill level 15 in Long Blades
  2361 | D        | Reached skill level 5 in Armour
  2372 | D        | Reached XP level 10. HP: 54/83 MP: 0/0
  2802 | D        | Reached skill level 16 in Long Blades
  3042 | D        | Noticed a cane toad
  3042 | D        | Noticed a komodo dragon
  3042 | D        | Noticed a cane toad
  3854 | D        | Bought a fading great sword for 460 gold pieces
  3854 | D        | Identified the +4 great sword "Puvu" {freeze, Drain rCorr
                  | Str+3} (You bought it in a shop in the Dungeon)
  3854 | D        | Bought an ichor-stained long sword for 340 gold pieces
  3854 | D        | Identified the +4 long sword of Nexohoyp {freeze, *Noise
                  | rPois Int+4 Dex+2} (You bought it in a shop in the Dungeon)
  3861 | D        | Killed a cane toad
  3867 | D        | Killed a cane toad
  3868 | D        | Reached XP level 11. HP: 74/92 MP: 0/0
  3868 | D        | Learned a level 5 spell: Borgnjor's Vile Clutch
  3950 | D        | Reached skill level 17 in Long Blades
  4739 | D        | Noticed a lindwurm
  4743 | D        | Killed a lindwurm
  4744 | D        | Reached skill level 18 in Long Blades
  4873 | D        | Noticed Urug
  4876 | D        | Killed Urug
  5129 | D        | Bought a glowing long sword for 260 gold pieces
  5132 | D        | Noticed Sigmund
  5132 | D        | Noticed Edmund
  5158 | D        | HP: 1/92 [Edmund/+1 great mace of freezing (10)]
  5158 | D        | Slain by Edmund

Illustrated notes

Levels and vault maps discovered:
D:        dungeon_sprint_mu [sprint_mu_entry_forest, sprint_mu_temple_rooms,
          sprint_mu_d1_spiders, sprint_mu_d2_genie, sprint_mu_d3_branching,
          sprint_mu_orc_legion, sprint_mu_elf_gauntlet, sprint_mu_hive_nellie,
          sprint_mu_lair_fedhas, sprint_mu_vaults_butterflies,
          sprint_mu_slime_circle, sprint_mu_swamp_cave, sprint_mu_shoals_archi,
          sprint_mu_blade_basic, sprint_mu_crypt_lich, sprint_mu_tomb_spiral,
          sprint_mu_vestibule_basic, sprint_mu_gehenna_hellfire,
          sprint_mu_dis_giant, sprint_mu_tartarus_statrot,
          sprint_mu_cocytus_islands, sprint_mu_zot1]

Skill      XL: |  1  2  3  4  5  6  7  8  9 10 11 |
---------------+----------------------------------+-----
Long Blades    | 6 7 10 11 13 15 16 18 | 18.7
Fighting       | 3 5 7 8 9 10 11 13 | 13.6
Armour         | 2 5 7 8 |  8.4
Dodging        | 4 7 9 |  9.9
Spellcasting   | 1 3 |  3.4
Conjurations   | 1 3 |  3.4
Hexes          | 1 3 |  3.4
Summonings     | 1 3 |  3.4
Necromancy     | 1 3 |  3.4
Translocations | 1 3 |  3.4
Transmutations | 1 3 |  3.4
Fire Magic     | 1 3 |  3.4
Ice Magic      | 1 3 |  3.4
Air Magic      | 1 3 |  3.4
Earth Magic    | 1 3 |  3.4
Poison Magic   | 1 3 |  3.4
Throwing       | |  1.5

Action                     |  1- 3 |  4- 6 |  7- 9 | 10-12 || total
---------------------------+-------+-------+-------+-------++-------
  Melee: Long sword        |    37 |    21 |    93 |   154 ||   305
         Punch             |       |     1 |     1 |     3 ||     5
         Great sword       |       |       |       |    77 ||    77
  Throw: Throwing net      |     1 |       |     2 |       ||     3
         Javelin           |       |       |     1 |       ||     1
 Invoke: Potion Petition   |       |       |     2 |     5 ||     7
         Call Merchant     |       |       |       |     1 ||     1
  Evoke: Wand              |       |       |       |     4 ||     4
    Use: Potion            |       |     1 |     3 |     1 ||     5
         Scroll            |       |       |     1 |       ||     1
   Stab: Held in net/web   |       |       |     1 |       ||     1
         Invisible         |       |       |       |     7 ||     7
         Distracted        |       |       |       |     3 ||     3
         Sleeping          |       |       |       |     1 ||     1
 Armour: Leather armour    |     3 |     1 |     7 |    22 ||    33
  Dodge: Dodged            |    22 |     6 |    36 |   184 ||   248

Table legend: (Time is in decaauts)
 A = Elapsed time spent in this place.
 B = Non-inter-level travel time spent in this place.
 C = Inter-level travel time spent in this place.
 D = Time resting spent in this place.
 E = Time spent auto-exploring this place.
 F = Levels seen in this place.
 G = Mean time per level.
                   A        B        C        D        E       F      G
               +--------+--------+--------+--------+--------+-----+--------+
         Total |   5058 |   5027 |     31 |   3915 |      0 |   1 | 5058.0 |
       Dungeon |   5058 |   5027 |     31 |   3915 |      0 |   1 | 5058.0 |
               +--------+--------+--------+--------+--------+-----+--------+

Top non-repeatable levels by time:
       D: 5058 daAuts
